[Event "2nd Serbia Open Masters 2022"]
[Site "Novi Sad"]
[Date "2022.06.29"]
[Round "2.41"]
[White "Srija, Seshadri"]
[Black "Babazada, Khazar"]
[Result "0-1"]
[ECO "C76"]
[WhiteElo "2241"]
[BlackElo "2431"]
[Annotator "TA"]
[PlyCount "118"]
[EventDate "2022.06.28"]
[EventType "swiss"]
[EventCountry "SRB"]
[SourceTitle "playchess.com"]
[Source "ChessBase"]
[SourceQuality "1"]
[TimeControl "40/5400+30:900+30"]

1. e4 e5 2. Nf3 Nc6 3. Bb5 a6 4. Ba4 d6 5. O-O Bd7 6. c3 g6 7. d4 Bg7 8. Re1 Nge7 {[%emt 0:00:26] 8...Nf6 is the fancy move.} 9. Be3 O-O 10. dxe5 {[%emt 0:03:44] C76: Ruy Lopez: Deferred Steinitz: 5 c3 Bd7 6 d4 g6.} dxe5 11. Bc5 Qe8 12. Nbd2 {[%emt 0:02:43] White is slightly better.} b6 13. Ba3 Na7 14. Bxd7 Qxd7 15. Nc4 Qe6 {[%emt 0:00:18] [#]} 16. Ne3 $146 (16. Qb3 $16) ({Predecessor:} 16. b3 Nb5 17. Bb2 h6 18. Qe2 g5 19. Ne3 Nd6 20. Nd2 f5 21. exf5 Ndxf5 22. Nxf5 Qxf5 {1-0 (55) Hay,T-Hamilton,D Melbourne 1972}) 16... Nb5 17. Bxe7 (17. Ng5 {looks sharper.} Qf6 18. Bxe7 Qxe7 19. h4) 17... Qxe7 18. Nd5 Qd8 19. a4 Nd6 20. a5 b5 21. Nb4 c5 22. Nc6 (22. Nd5 $5 ) 22... Qc7 23. Qd5 Rac8 24. Ncxe5 ({Avoid the trap} 24. Nfxe5 $2 Nc4 25. Nxc4 bxc4 26. Qxc4 Qxc6 $19) 24... Rfd8 25. Qa2 {[%emt 0:01:13] Inhibits Nc4.} (25. Ng4 $11) 25... Re8 (25... c4 $17) 26. Qd5 $11 Red8 $36 {[%emt 0:09:42][%cal Od6c4][%mdl 2048] Hoping for ...Nc4! Black has good play.} (26... Nb7 $5 27. Ng4 h5 $11) 27. Ng4 Qe7 (27... h5 $5 28. Ne3 Qe7 $11) 28. e5 $2 {[%emt 0:07:55] Black continues to play with concentration.} (28. Nge5 $11 Qc7) 28... Nc4 $19 {[%emt 0:00:13][%cal Bd6c4,Bc4b2,Bb2d3][%mdl 96] [#] Discovered Attack} 29. Qe4 Nxb2 30. Qe3 (30. h4 $17) 30... Nd3 31. Red1 c4 {[%emt 0:00:11] Strongly threatening ...h5.} 32. Qb6 h5 33. Nf6+ Bxf6 34. exf6 {[%emt 0:00:11] [#]} Qd6 35. Ng5 (35. Qxd6 {might work better.} Rxd6 36. Ra2) 35... Rc6 36. Qa7 (36. Qe3 $142 Qxf6 37. Qf3) 36... Qxf6 37. h4 Re8 38. Ra2 Qe7 39. Qxe7 Rxe7 40. Nf3 Kf8 41. Rad2 Rce6 42. Kf1 f6 43. g3 Kf7 44. Ra2 Kg7 45. Rad2 Kf8 46. Nd4 Re1+ 47. Kg2 (47. Rxe1 {only move.} Rxe1+ 48. Kg2) 47... Rxd1 48. Rxd1 {[%emt 0:00:02][%mdl 4096] Endgame KRN-KRN} Kf7 49. Kf1 Rc7 50. Nc2 Rc6 51. Rd2 Re6 52. Rd1 Ke7 53. Nd4 Rd6 54. Nc2 Kd7 55. Rd2 Kc7 56. Re2 Kd8 {[%emt 0:00:46] Against Re7} 57. Nd4 $2 (57. Rd2) 57... Kd7 {[%emt 0:11:19][%cal Od6d4] Threatens to win with ...Rxd4!} 58. Nc2 Nc1 59. Re3 Nb3 {[%emt 0:00:13] Weighted Error Value: White=0.34/Black=0.19 (very precise)} 0-1

[Event "2nd Serbia Open Masters 2022"]
[Site "Novi Sad"]
[Date "2022.06.29"]
[Round "2.42"]
[White "Chitlange Sakshi"]
[Black "Vignesh N R"]
[Result "1-0"]
[ECO "E97"]
[WhiteElo "2216"]
[BlackElo "2427"]
[Annotator "TA"]
[PlyCount "113"]
[EventDate "2022.06.28"]
[EventType "swiss"]
[EventCountry "SRB"]
[SourceTitle "playchess.com"]
[Source "ChessBase"]
[SourceQuality "1"]
[TimeControl "40/5400+30:900+30"]

1. d4 Nf6 2. c4 g6 3. Nc3 Bg7 4. e4 d6 5. Be2 O-O 6. Nf3 e5 7. O-O Nc6 8. d5 Ne7 9. Ne1 Nd7 10. Rb1 f5 11. b4 Nf6 12. f3 {[%emt 0:06:35] E97: King's Indian: Classical Main Line (6...e5 7 0-0 Nc6): 8 Be3 and 8 d5 Ne7, not 9 Ne1.} f4 13. Nd3 h5 14. c5 {[%emt 0:02:15] White is slightly better.} g5 {[%emt 0:00:22][%cal Bg6g5,Bg5g4,Bg4g3][%mdl 32] [#]} 15. b5 $146 ({Predecessor:} 15. Nf2 Kh8 16. Bd2 Rg8 17. Rc1 Bf8 18. h3 Rg7 19. cxd6 cxd6 20. a4 {0-1 (46) Kaenel,H (2397)-Costa,G (2425) Switzerland 2006}) 15... Ng6 16. a4 Rf7 17. a5 Bf8 18. Na4 (18. c6 $16) 18... g4 19. b6 (19. c6 $11) 19... axb6 $17 20. axb6 (20. cxb6 $142 gxf3 21. Bxf3) 20... g3 $1 21. bxc7 (21. hxg3 fxg3 22. bxc7 Qxc7 $16) 21... Rxc7 (21... gxh2+ 22. Kxh2 Rxc7 23. Nb6 $14) 22. hxg3 fxg3 23. Bg5 {[%emt 0:01:07] Black must now prevent Nb6.} Bh6 $1 24. f4 (24. Bxh6 $2 Nh7 25. Nf2 Qh4 $19) (24. cxd6 $17 {keeps fighting.} Bxg5 25. dxc7 Be3+ 26. Kh1 Qxc7 27. Qe1 $1 Rxa4 28. Qxg3) 24... Bxg5 $19 25. fxg5 Nxe4 (25... Ne8 $19 26. Qd2 (26. Bxh5 Qxg5 27. Rf3 Nf4 $19) 26... Rxa4 27. Bxh5 Rg7) 26. Rb4 $1 $11 Nxc5 27. Rf6 $36 {[%emt 0:02:17][%mdl 2048] White is more active. Really sharp!} Nxa4 28. Rxg6+ Rg7 29. Rxg7+ Kxg7 30. Rxa4 Qb6+ 31. Kh1 (31. Kf1 $11 Rxa4 32. Qxa4) 31... Rxa4 $15 32. Qxa4 Bf5 (32... Qb1+ $15 33. Qd1 Qxd1+ 34. Bxd1 Kg6) 33. Qb4 Qxb4 34. Nxb4 Kg6 35. Na2 $1 Kxg5 {[%emt 0:00:24] Hoping for ...Kf4.} 36. Nc3 Kf4 37. Nb5 $1 Be4 {[%emt 0:01:01] aiming for ...Ke3.} 38. Bc4 Bg6 39. Nxd6 e4 40. Nxb7 {[%emt 0:00:00] Threatens to win with d6.} Ke5 41. d6 Be8 (41... Bf5 $11 {and Black has nothing to worry.}) 42. Kg1 $2 (42. Nc5 $18 Kxd6 43. Nxe4+ Ke5 44. Nxg3) 42... h4 $1 $14 43. Kf1 {[%emt 0:00:55] Be2 is the strong threat.} ({But not} 43. Nc5 Kxd6 44. Nxe4+ Ke5 $16) 43... Bd7 $1 44. Nc5 Kxd6 45. Nxd7 ({Much less strong is} 45. Nxe4+ Ke5 $16) 45... Kxd7 {[%emt 0:00:02][%mdl 4096] Endgame KB-K3P} 46. Be2 {[%emt 0:00:52] Threatening mate with Bg4+.} Kd6 47. Bg4 {[%emt 0:00:05] Intending Ke2 and mate.} Ke5 48. Ke2 {[%emt 0:00:22] White threatens Ke3 and mate.} Kd4 49. Bc8 Kd5 $2 (49... e3 $14 50. Kf3 Kd3 51. Ba6+ Kd4 52. Kg4 Ke4 53. Kxh4 Kd4 54. Be2 Ke5 55. Kxg3 Ke4) 50. Ke3 {[%emt 0:01:30] White mates.} Ke5 51. Bg4 Kd5 52. Bh3 Ke5 53. Bc8 Kd5 {[%emt 0:00:10] [#]} 54. Kf4 $1 Kd4 {[%emt 0:00:05] [#]} 55. Kg4 $1 Ke3 56. Kxh4 Kf2 57. Kh3 {[%emt 0:00:12] What a fight!  Weighted Error Value: White=0.23 (precise) /Black=0.42} 1-0

[Event "2nd Serbia Open Masters 2022"]
[Site "Novi Sad"]
[Date "2022.06.29"]
[Round "2.43"]
[White "Nogerbek, Kazybek"]
[Black "Tyurin, Artem"]
[Result "1-0"]
[ECO "E04"]
[WhiteElo "2424"]
[BlackElo "2174"]
[Annotator "TA"]
[PlyCount "97"]
[EventDate "2022.06.28"]
[EventType "swiss"]
[EventCountry "SRB"]
[SourceTitle "playchess.com"]
[Source "ChessBase"]
[SourceQuality "1"]
[TimeControl "40/5400+30:900+30"]

1. d4 Nf6 2. Nf3 d5 3. c4 e6 4. g3 dxc4 5. Bg2 c5 6. O-O Nc6 7. Ne5 Bd7 8. Na3 cxd4 9. Naxc4 Rc8 {[%emt 0:01:48] 9...Be7 is the modern continuation.} 10. Bf4 {[%emt 0:03:54] is the legacy move (10.Qb3). E04: Open Catalan: 5 Nf3.} Nd5 (10... Be7 $11) 11. Nxc6 $14 Bxc6 12. Qxd4 {[%emt 0:02:19] White is slightly better.} Nxf4 13. Bxc6+ ({White should play} 13. Qxf4 $14 Bb5 14. Rac1 Rxc4 15. Rxc4) 13... Rxc6 $11 14. Qxf4 Qc7 15. Rac1 {[%emt 0:04:42] [#]} ({Don't go for} 15. Ne5 $2 Bd6 16. Qxf7+ Qxf7 $19) 15... Bc5 $146 ({Predecessor:} 15... Qxf4 16. gxf4 Rc7 17. Ne5 Bd6 18. Rxc7 Bxc7 19. Rc1 Bd8 20. Rc8 f6 21. Nd3 b6 {½-½ (76) Vijayalakshmi,S (2412)-Inkiov,V (2474) Marseille 2005}) 16. Rfd1 {[%emt 0:15:57] Ne5 is the strong threat.} O-O 17. Kg2 Qxf4 18. gxf4 Rc7 19. Na5 b6 20. b4 {[%emt 0:02:03] And now Nb3 would win.} Rfc8 21. bxc5 bxa5 {[%emt 0:00:05][%mdl 4096] Endgame KRR-KRR} 22. Rc3 g5 23. fxg5 Rxc5 {[%emt 0:01:01] [#]} 24. Rd8+ $1 Rxd8 25. Rxc5 $14 {[%emt 0:00:06] KR-KR} Rd2 26. Rxa5 Rxe2 27. Rxa7 Kg7 28. a4 Kg6 29. h4 Ra2 30. a5 Ra4 31. Kg3 {[%emt 0:01:23] aiming for f4.} Ra3+ (31... f6 $142) 32. f3 (32. Kg4 $142 $1) 32... Ra4 $2 (32... f6 $16) 33. a6 h5 $2 (33... h6 34. gxh6 Kxh6) 34. gxh6 Kxh6 35. Ra8 ({Weaker is} 35. Rxf7 Rxa6 36. Rf4 Kg7 $16) 35... Kg7 36. f4 Ra3+ 37. Kf2 Ra4 38. Ke3 e5 (38... Ra5 $142 39. Kd4 f6) 39. fxe5 $18 {[%emt 0:02:05] White threatens a7 and mate.} Rxh4 40. Rb8 {[%emt 0:00:00] Threatening mate with a7.} Ra4 {[%emt 0:00:00] [#]} 41. Rb6 $1 Kf8 42. Rb8+ $2 (42. Kd3 $18 Ke7 43. Kc3) 42... Kg7 $11 43. Rb6 $2 (43. e6 $11 Rxa6 44. exf7 Kxf7 45. Kd4) 43... Kf8 $18 44. Kd3 Ke7 45. Rd6 Ra3+ {[%emt 0:05:55] [#]} 46. Kc4 $2 (46. Ke4 $1 $18 {Hoping for Kd5.} Ke8 47. Kf4) 46... Ra5 $2 (46... f5 $11) 47. Kd4 (47. Kb4 $142 Ra2 48. Kc5 Ra5+ 49. Kb6 Rxe5 50. a7 Kxd6 51. a8=Q Rf5 52. Qa3+ Ke6 53. Qh3) 47... Rb5 48. Rd5 Rb4+ 49. Kc5 {[%emt 0:00:10] Weighted Error Value: White=0.51/Black=0.65} 1-0

[Event "2nd Serbia Open Masters 2022"]
[Site "Novi Sad"]
[Date "2022.06.29"]
[Round "2.44"]
[White "Makridis, Dimitrios"]
[Black "Radovanovic, Nikola"]
[Result "1-0"]
[ECO "B90"]
[WhiteElo "2082"]
[BlackElo "2423"]
[Annotator "TA"]
[PlyCount "73"]
[EventDate "2022.06.28"]
[EventType "swiss"]
[EventCountry "SRB"]
[SourceTitle "playchess.com"]
[Source "ChessBase"]
[SourceQuality "1"]
[TimeControl "40/5400+30:900+30"]

1. e4 c5 2. Nf3 d6 3. d4 cxd4 4. Nxd4 Nf6 5. Nc3 a6 6. h3 e5 7. Nde2 b5 8. g4 {[%emt 0:06:16] 8.Ng3 is the modern continuation. B90: Sicilian Najdorf: Unusual White 6th moves, 6 Be3 Ng4 and 6 Be3 e5.} b4 9. Nd5 Nxd5 $1 10. exd5 {[%emt 0:01:33] The position is equal.} h5 11. g5 h4 {[%emt 0:01:55] [#]} 12. Bg2 $146 ({Predecessor:} 12. a3 bxa3 13. Rxa3 Nd7 14. Be3 Rb8 15. b3 f5 16. gxf6 Nxf6 17. Nc3 Be7 18. Bxa6 {1-0 (31) Nepomniachtchi,I (2751)-Salinas Herrera,P (2453) Chess.com INT 2018}) 12... Be7 13. f4 {[%emt 0:02:12] aiming for fxe5.} Nd7 14. O-O a5 15. fxe5 Nxe5 16. Nd4 Bxg5 17. Nc6 $1 Qb6+ 18. Kh1 Bxc1 19. Rxc1 Bd7 20. c4 Qc5 21. Qe1 f6 22. Qe4 {[%emt 0:03:14] Hoping for Nxe5.} Rh6 (22... O-O $5 ) 23. Nd4 a4 (23... Kf8 $11) 24. Ne6 $16 {[%emt 0:01:45] White is more active.} Bxe6 25. dxe6 Ra5 ({Black should play} 25... Rc8 $14) 26. Rfd1 {[%emt 0:02:43] And now Qb7 would win.} Qc7 {[%emt 0:00:58] [#]} 27. c5 (27. Rd4 $1 $18) 27... Rxc5 $14 28. Rxc5 dxc5 (28... Qxc5 $14 29. Qa8+ Ke7) 29. Qa8+ $18 {[%emt 0:00:38] White is clearly winning.} Ke7 30. Qg8 Rg6 {[%emt 0:00:27] [#]} 31. Rd7+ $1 {[%emt 0:01:16][%mdl 576] Deflection, Promotion} Nxd7 32. Qf7+ Kd6 33. e7 Rxg2 (33... Qb8 $142 34. e8=Q Qxe8 35. Qxe8 Rg3) 34. e8=N+ Kc6 35. Qe6+ Kb7 36. Nxc7 Rd2 37. Nd5 {[%emt 0:00:12] Weighted Error Value: White=0.13 (very precise) /Black=0.36} 1-0

[Event "2nd Serbia Open Masters 2022"]
[Site "Novi Sad"]
[Date "2022.06.29"]
[Round "2.45"]
[White "Kilic, Eray"]
[Black "Tancsa, Tamas"]
[Result "1/2-1/2"]
[ECO "C88"]
[WhiteElo "2192"]
[BlackElo "2091"]
[Annotator "NA RC"]
[PlyCount "78"]
[EventDate "2022.06.28"]
[EventType "swiss"]
[EventCountry "SRB"]
[SourceTitle "playchess.com"]
[Source "ChessBase"]
[SourceQuality "1"]
[TimeControl "40/5400+30:900+30"]

1. e4 e5 2. Nf3 Nc6 3. Bb5 a6 4. Ba4 Nf6 5. O-O Be7 6. Re1 b5 7. Bb3 O-O 8. a4 b4 9. a5 d6 10. d3 Be6 11. Nbd2 Bxb3 12. Nxb3 d5 13. Bg5 h6 14. Bh4 dxe4 15. Bxf6 Bxf6 16. dxe4 Qxd1 17. Raxd1 Rfd8 18. Nfd2 Nd4 19. Nxd4 Rxd4 20. Nf1 Rad8 21. Rxd4 Rxd4 22. b3 c6 23. f3 Bd8 24. Ra1 f5 25. exf5 e4 26. fxe4 Rxe4 27. Nd2 Re2 28. Nc4 Rxc2 29. Re1 Bf6 30. Re8+ Kh7 31. Nd6 Rc5 32. g4 Rxa5 33. Rc8 h5 34. Nf7 g6 35. Rxc6 Kg7 36. Rc7 hxg4 37. Ne5+ Kh6 38. Nxg4+ Kg5 39. Nxf6 Kxf6 1/2-1/2

[Event "2nd Serbia Open Masters 2022"]
[Site "Novi Sad"]
[Date "2022.06.29"]
[Round "2.46"]
[White "Ram Aravind L N"]
[Black "Salimova, Nurgyul"]
[Result "1/2-1/2"]
[ECO "C72"]
[WhiteElo "2116"]
[BlackElo "2418"]
[Annotator "TA"]
[PlyCount "225"]
[EventDate "2022.06.28"]
[EventType "swiss"]
[EventCountry "SRB"]
[SourceTitle "playchess.com"]
[Source "ChessBase"]
[SourceQuality "1"]
[TimeControl "40/5400+30:900+30"]

1. e4 e5 2. Nf3 Nc6 3. Bb5 a6 4. Ba4 g6 5. O-O Bg7 6. c3 d6 7. Re1 Bd7 (7... g5 {looks sharper.} 8. g3 Bg4 9. d4 b5) 8. d3 {[%emt 0:02:32] C72: Ruy Lopez: Deferred Steinitz: 5 0-0.} Nge7 9. Nbd2 O-O 10. Nf1 {[%emt 0:02:18] White has an edge.} h6 11. Ng3 f5 12. exf5 Nxf5 13. d4 (13. Qb3+ {keeps more tension.} Rf7 14. Qxb7 Rb8 15. Qxa6 Ra8 16. Qc4) 13... exd4 14. Nxf5 Bxf5 15. Bxc6 bxc6 16. Nxd4 Qd7 {[%emt 0:01:55] [#]} 17. Be3 $146 ({Predecessor:} 17. Nxf5 Qxf5 18. Be3 Rab8 19. Re2 c5 20. Qd2 Kh7 21. Rae1 Rf7 22. f3 Bf6 23. Bf2 {1-0 (56) Salishchev,Y (2302)-Kutsebeshchenko,D (2160) Korolev 2002}) 17... c5 18. Nxf5 Qxf5 19. Rc1 Rae8 20. Qa4 Re4 (20... Qd5 $11 {remains equal.}) 21. Qxa6 $16 Be5 22. Qc6 h5 (22... Rxe3 $2 23. fxe3 Qf2+ 24. Kh1 $18) 23. Rf1 h4 (23... Bf4 $16 24. Bxf4 Qxf4) 24. h3 $1 $18 (24. Qxc7 h3 25. f4 Bxf4 $19) 24... Kh7 25. Qxc7+ Rf7 26. Qc6 g5 {[%emt 0:02:36] [#]} (26... Bf4 {might work better.} 27. Qb5 g5) 27. Bxg5 $1 Rf4 (27... Rc4 28. Be3) 28. Bxf4 Qxf4 29. g3 hxg3 30. fxg3 Qxg3+ 31. Qg2 Qe3+ (31... Rxf1+ $2 32. Rxf1 d5 33. a4 $18) 32. Kh1 Rg7 33. Rce1 Rxg2 34. Rxe3 Rxb2 {[%emt 0:00:15][%mdl 4096] Endgame KRR-KRB} 35. a3 Rh2+ 36. Kg1 Ra2 37. Rf2 Rxa3 38. Rff3 Kh6 39. Kg2 Ra2+ 40. Rf2 Ra3 41. Rc2 Kg5 42. Kf3 ({White should play} 42. Rf3 $18) 42... Kf5 43. c4 Ra1 (43... Ra8 $16 44. Rf2 Ra1 45. Kg2+ Kg5) 44. Kg2 $1 Kf4 45. Rce2 Rc1 $2 (45... Bd4 $16 46. Rf3+ Kg5) 46. Rf3+ $1 Kg5 47. Re4 {[%emt 0:00:08] Rf1 is the strong threat.} Rc2+ 48. Rf2 Rc3 49. Rg4+ Kh6 50. Rf5 Bd4 51. h4 Rc2+ 52. Kf3 Rxc4 53. h5 $1 Rc3+ 54. Kg2 Rc2+ 55. Kg3 {[%emt 0:00:16] aiming for Rg6+.} Be5+ 56. Kf3 {[%emt 0:00:12] Black must now prevent Rg6+.} Rc3+ 57. Kg2 Rc2+ 58. Kf1 {[%emt 0:00:15] And now Rg6+ would win.} Rc1+ 59. Ke2 {[%emt 0:00:20] Hoping for Rg6+.} Rc2+ 60. Kd1 Rh2 $2 (60... Ra2 61. Rg6+ Kh7 62. Rf7+ Kh8) 61. Rg6+ Kh7 62. Rf7+ Kh8 63. h6 (63. Re6 $142 Rh1+ 64. Ke2) 63... Ra2 64. h7 (64. Re6 $18 Ra8 65. Rc7) 64... Ra8 $16 65. Rg4 (65. Rd7 $16) 65... Rc8 (65... Ra1+ $14 66. Kc2 Ra2+ 67. Kb3 Rb2+ 68. Ka3 Rb8) 66. Rf5 (66. Rd7 $1 $16) 66... Bg7 67. Rfg5 Rc7 68. Rh5 c4 69. Rg6 Rd7 70. Re6 Rd8 {[%emt 0:00:15] Prevents Re8+.} 71. Rd5 Kxh7 72. Rexd6 Rxd6 73. Rxd6 $11 {[%emt 0:00:02] KR-KB} c3 74. Rc6 Kg8 75. Ke2 Kf7 76. Kd3 Ke8 77. Ke4 Kd7 78. Kd5 Be5 79. Ra6 Bc7 80. Ra3 Kc8 (80... c2 {is interesting.} 81. Rc3 Bb8 82. Rxc2 Ke7) 81. Rxc3 {[%emt 0:00:45] Intending Kc6 and mate.} Kb7 $2 {[%emt 0:00:05][%mdl 8192] Black is on the road to losing.} (81... Kd8 $14) 82. Rb3+ $1 $18 Ka8 83. Kc6 Bb8 84. Ra3+ Ba7 85. Ra1 Kb8 86. Rb1+ Ka8 87. Kc7 Bd4 88. Rb8+ Ka7 89. Rb5 Ka8 90. Rf5 Bg1 91. Rf8+ Ka7 92. Rf1 Bh2+ 93. Kc6 Be5 94. Rf5 Bg3 {[%emt 0:00:39] [#]} 95. Ra5+ $1 Kb8 96. Ra3 Bf4 97. Rb3+ Ka8 98. Kb6 Bh2 99. Ra3+ Kb8 100. Rh3 Bc7+ 101. Kc6 {[%emt 0:00:10] Threatening mate with Rh8+.} Bf4 {[%emt 0:00:31] [#]} 102. Rh4 $1 Bg3 103. Rh8+ Ka7 104. Rh7+ Ka8 105. Kb6 Bf2+ 106. Kc6 Bg3 107. Rh8+ $2 (107. Rh3 $18 Be5 108. Re3) 107... Bb8 $2 (107... Ka7 $11) 108. Rh5 {[%emt 0:00:18] White is clearly winning.} Ba7 109. Kc7 {[%emt 0:00:37] White wants to mate with Rh8+.} Bb8+ 110. Kc8 Ba7 111. Rh8 {[%emt 0:00:02] White threatens Kc7+ and mate.} Bd4 112. Rh4 (112. Rd8 $142 Bf2 113. Kc7+ Ka7 114. Kc6) 112... Ba7 113. Rh1 {[%emt 0:11:34][%mdl 32768] Weighted Error Value: White=0.10 (very precise) /Black=0.28 (precise) . An unexpected result.} 1/2-1/2

[Event "2nd Serbia Open Masters 2022"]
[Site "Novi Sad"]
[Date "2022.06.29"]
[Round "2.47"]
[White "Pecarski, Dragisa"]
[Black "Perunovic, Miodrag"]
[Result "0-1"]
[ECO "E85"]
[WhiteElo "2122"]
[BlackElo "2413"]
[Annotator "TA"]
[PlyCount "72"]
[EventDate "2022.06.28"]
[EventType "swiss"]
[EventCountry "SRB"]
[SourceTitle "playchess.com"]
[Source "ChessBase"]
[SourceQuality "1"]
[TimeControl "40/5400+30:900+30"]

1. d4 Nf6 2. c4 g6 3. Nc3 Bg7 4. e4 d6 5. Be3 O-O 6. f3 Nc6 7. Nge2 a6 8. Qd2 Na5 9. Nc1 e5 10. d5 {[%emt 0:00:30] b4 is the strong threat.} c5 {[%emt 0:00:30] E85: King's Indian: Sämisch: 6...e5.} 11. Bd3 Nh5 {[%emt 0:00:30][%cal Oh5f4] [#]} 12. N1e2 $146 {[%emt 0:00:30] Inhibits Nf4.} (12. Rb1 $14) ({Predecessor:} 12. Rb1 b5 13. cxb5 c4 14. b4 cxd3 15. bxa5 axb5 16. Nxd3 Rxa5 17. a4 Nf4 18. O-O {1-0 (35) Wiedenkeller,M (2450)-Britton,R (2275) London 1987}) 12... b5 $11 {[%emt 0:00:30] The position is equal.} 13. cxb5 (13. g4 $11 {remains equal.} bxc4 14. Bc2) 13... axb5 $17 14. Nxb5 {[%emt 0:00:30] [#]} (14. O-O $17 {keeps fighting.}) 14... Nb3 $1 $19 {[%emt 0:00:30][%mdl 576] Pin, Double Attack} 15. Qd1 ({Don't blunder} 15. Bg5 $2 f6 16. Qd1 Nxa1 $19) 15... Nxa1 16. Qxa1 Qa5+ 17. Kf2 (17. Nbc3 $17) 17... Ba6 ({And not} 17... Qxa2 18. Qxa2 Rxa2 19. Nxd6 $17) 18. a4 f5 {[%emt 0:00:30] Strongly threatening ...fxe4.} 19. Nec3 Qb4 (19... fxe4 $19 {has better winning chances.} 20. Nxe4 Nf6) 20. Qa3 $17 Qxa3 (20... Nf4 $17 21. Bc2 Qxa3 22. bxa3 fxe4 23. Bxe4 Bxb5 24. Nxb5 Rxa4) 21. bxa3 $15 Nf6 {[%emt 0:00:30] aiming for ...fxe4.} 22. exf5 e4 23. Nxe4 Nxe4+ 24. Bxe4 (24. fxe4 $142 Bxb5 25. Bxb5) 24... Bxb5 $17 25. axb5 gxf5 26. Bb1 Ra6 $2 27. a4 $4 (27. bxa6 $18 {is the narrow road to win.} f4 28. Bd2) 27... Rxa4 $19 28. Bf4 $2 (28. Bg5 {is tougher.}) 28... Ra3 $2 ({Black should try} 28... Rxf4 $19 29. Bd3 Rd4) 29. Kg3 (29. Bxd6 $11 Rd8 30. Bxc5) 29... Bd4 (29... Be5 $15 30. Bxe5 dxe5) 30. h4 (30. Bxd6 $14 Rf7 31. Bf4) 30... Rf6 $17 {Black is more active.} 31. Bg5 {[%emt 0:00:30] [#]} (31. Bc2 $17) 31... Be5+ $1 $19 32. Bf4 $2 (32. Kh3 Rf7 33. Rd1) 32... Rb3 $2 (32... Rg6+ $19 {is more deadly.} 33. Kf2 Bd4+ 34. Kf1 Ra1) 33. Kh3 $2 (33. Bxe5 $17 {was the crucial defense.} dxe5 34. d6) 33... Kg7 $2 (33... Bxf4 34. h5 Rxb5) 34. Re1 $2 (34. Bxe5 dxe5 35. Rd1) 34... Rb4 $2 (34... Bxf4 35. Bc2 Rb2) 35. Bc2 $2 (35. Bxe5 dxe5 36. d6) 35... Rxb5 $2 ({Better is} 35... Rxf4 $19 36. Rf1 Rc4) 36. Bd1 $2 {[%emt 0:00:30][%mdl 8192] This bishop pair is nice.} Rf7 $2 {[%emt 0:00:30] Weighted Error Value: White=1.72/Black=1.18} (36... Bxf4 37. g3 Be5) 0-1

[Event "2nd Serbia Open Masters 2022"]
[Site "Novi Sad"]
[Date "2022.06.29"]
[Round "2.48"]
[White "Ivanisevic, Ivan"]
[Black "Micic, Aleksa"]
[Result "1-0"]
[ECO "A36"]
[WhiteElo "2550"]
[BlackElo "2121"]
[Annotator "TA"]
[PlyCount "76"]
[EventDate "2022.06.28"]
[EventType "swiss"]
[EventCountry "SRB"]
[SourceTitle "playchess.com"]
[Source "ChessBase"]
[SourceQuality "1"]
[TimeControl "40/5400+30:900+30"]

1. c4 Nf6 2. Nc3 c5 3. g3 g6 4. Bg2 Bg7 5. b3 O-O 6. Bb2 Nc6 7. Rc1 {[%emt 0:01:35] A36: Symmetrical English vs ...g6: 4 Bg2 Bg7.} d6 8. Nf3 e5 {[%emt 0:14:42] Against d4} 9. O-O {[%emt 0:00:44] The position is equal.} h6 10. Ne1 Be6 {[%emt 0:03:17] [#]} 11. a3 $146 ({Predecessor:} 11. f4 exf4 12. gxf4 Re8 13. Nc2 d5 14. Na4 dxc4 15. bxc4 Qd6 16. Ne3 Rad8 17. Bxf6 Bxf6 18. Nd5 Bg4 19. Bf3 Bh3 20. Bg2 Bg4 21. Bf3 Bh3 22. Bg2 Bg4 {½-½ (22) Lammens,T (2286)-Hoeksema,H (2331) Netherlands 2016}) 11... Qd7 12. Nd5 Bh3 13. f4 Bxg2 14. Nxg2 Nxd5 15. cxd5 Ne7 (15... Nd4 $11 {keeps the balance.}) 16. e4 $16 f6 17. d3 a5 18. Bc3 b5 19. Bd2 Kh7 20. fxe5 fxe5 21. Rxf8 Bxf8 22. Ne3 Bg7 23. a4 b4 24. Nc4 {[%emt 0:00:51] [#] aiming for Nb6.} Ra7 (24... Nc8 $16 {was called for.}) 25. Qf3 Ng8 26. Rf1 Bf6 27. Kg2 Kg7 28. h4 Qd8 (28... Kh7 $142 29. Be3 Kg7) 29. h5 $18 {[%emt 0:02:36] hxg6 is the strong threat.} g5 30. Qf5 Qe7 31. Qg6+ Kh8 32. Ne3 {[%emt 0:00:06] [#] Threatens to win with Nf5.} Qg7 $2 (32... Qf8 {keeps fighting.} 33. Qf5 Qe8) 33. Qe8 (33. Nf5 $142 Qxg6 34. hxg6) 33... Qd7 34. Qg6 (34. Qb8 {And now Rxf6 would win.} Rb7 35. Qa8 (35. Qf8 Be7 $18)) 34... Qg7 35. Qxg7+ (35. Nf5 $142 Qxg6 36. hxg6) 35... Bxg7 36. Nc4 Ra6 (36... Rd7 37. Nxa5 Nf6) 37. Rf7 Nf6 38. Bxg5 Bf8 {[%emt 0:05:30] Weighted Error Value: White=0.26 (precise) /Black=0.32} (38... hxg5 $18 39. h6 Nxd5 40. exd5 Bxh6) 1-0